 Dungeon Sprint DCSS version 0.30-a0-528-g8c47a4955b (webtiles) character file.

Game seed: 6032676767645023750

199 rocky1 the Poker (level 5, 0/42 HPs)
             Began as a Demonspawn Gladiator on Dec 24, 2022.
             Slain by a shadow (30 damage)
             ... in the Dungeon (Sprint III: "The Ten Rune Challenge").
             The game lasted 00:02:00 (600 turns).

rocky1 the Poker (Demonspawn Gladiator)              Turns: 600, Time: 00:02:00

Health: 0/42       AC:  4    Str: 16    XL:     5   Next: 48%
Magic:  5/5        EV: 16    Int:  9    God:
Gold:   31         SH:  0    Dex: 19    Spells: 4/4 levels left

rFire   . . .      SeeInvis .    a - +0 trident
rCold   . . .      Faith    .    (no shield)
rNeg    . . .      Spirit   .    b - +0 leather armour
rPois   .          Reflect  .    c - +0 helmet
rElec   .          Harm     .    (no cloak)
rCorr   .          Rampage  .    (no gloves)
Will    .....      NoTele   +    (no boots)
Stlth   ++++                     (no amulet)
HPRegen 0.27/turn                (no ring)
MPRegen 0.09/turn                (no ring)

@: no status effects
A: thin skeletal structure 2, demonic touch 2
a: no special abilities


You were in the Dungeon.
You visited 1 branch You collected 31 gold pieces.

Inventory:

Hand Weapons
 a - a +0 trident (weapon)
Missiles
 d - a throwing net (quivered)
 e - a javelin
Armour
 b - a +0 leather armour (worn)
 c - a +0 helmet (worn)
Scrolls
 k - a scroll of blinking
 l - 2 scrolls of poison {unknown}
 m - 3 scrolls of identify
Potions
 f - 2 potions of curing
 h - a potion of haste
 i - 2 potions of magic
 n - a potion of flight {unknown}
 o - a potion of brilliance {unknown}
 p - 6 potions of mutation


   Skills:
 + Level 3.9 Fighting
 + Level 7.5 Polearms
 - Level 2.6 Throwing
 + Level 1.5 Armour
 + Level 6.8 Dodging
 + Level 1.8 Stealth


You had 4 spell levels left.
You didn't know any spells.
Your spell library was empty.

Dungeon Overview and Level Annotations

Branches:
Dungeon (1/1)

Altars:


Innate Abilities, Weirdness & Mutations

You have a moderately thin skeletal structure. (Dex +4, Stealth++)
Your touch may inflict irresistible damage on your foes.


Message History

You start waiting.
You recover from your berserk rage.
You start waiting.
Done waiting.
You start waiting.
Done waiting.
There is an open door to the Ecumenical Temple here.
There is a fountain of clear blue water here.
You open the door.
A jelly comes into view.
You reach to attack!
You puncture the jelly!
The jelly is severely wounded.
A shadow comes into view.
You hit the jelly.
You kill the jelly!
The shadow slips into darkness.
The shadow flickers and vanishes!
Deactivating autopickup; reactivate with Ctrl-A.
Unknown command.
Reach: a) +0 trident
Press: ? - help, Dir - move target You reach to attack!
You barely miss something.
The shadow strikes at you from the darkness!
Ouch! That really hurt!
Reactivating autopickup.
Unknown command.
You barely miss the shadow.
You touch the shadow!
The shadow is heavily damaged.
You hit the shadow but do no damage.
The shadow is heavily damaged.
The shadow hits you!
* * * LOW HITPOINT WARNING * * *
You feel much better.
The shadow slips into darkness.
The shadow flickers and vanishes!
Deactivating autopickup; reactivate with Ctrl-A.
You barely miss something.
The shadow strikes at you from the darkness!
Ouch! That really hurt!
You die...

▓▓▓ ##.# ####..#
#..#..#
#..#..###+#+###+##
##'#..#..........#
###...'.⌠.......@#
###...#...######{#
##....#.⌠.# ..#
#.....#...# ...#
......#+### #...#
#.....# #...+
##....# +...#
▓▓▓▓▓▓ ▓▓▓▓▓


There were no monsters in sight!

Vanquished Creatures
  A scorpion (D)
  A water elemental (D)
  A jelly (D)
  Jessica (D)
  A human (D)
  An endoplasm (D)
  2 rats (D)
8 creatures vanquished.

Notes
Turn   | Place    | Note
-------+----------+-------------------------------------------
     0 | D        | rocky1 the Demonspawn Gladiator began the quest for the
                  | Orb.
     0 | D        | Reached XP level 1. HP: 16/16 MP: 1/1
    12 | D        | Reached skill level 3 in Polearms
    39 | D        | Noticed Jessica
    45 | D        | Killed Jessica
    46 | D        | Reached skill level 4 in Polearms
    46 | D        | Gained mutation: Your touch may inflict minor irresistible
                  | damage on your foes. [demonic ancestry]
    46 | D        | Reached XP level 2. HP: 22/23 MP: 2/2
    46 | D        | Gained mutation: You have a somewhat thin skeletal
                  | structure. (Dex +2, Stealth+) [demonic ancestry]
    46 | D        | Reached XP level 3. HP: 26/28 MP: 3/3
   273 | D        | Noticed a scorpion
   286 | D        | Killed a scorpion
   287 | D        | Reached skill level 6 in Polearms
   287 | D        | Reached skill level 5 in Dodging
   287 | D        | Reached skill level 1 in Stealth
   287 | D        | Gained mutation: Your touch may inflict irresistible damage
                  | on your foes. [demonic ancestry]
   287 | D        | Reached XP level 4. HP: 34/35 MP: 4/4
   323 | D        | Noticed a water elemental
   326 | D        | Killed a water elemental
   327 | D        | Reached skill level 7 in Polearms
   327 | D        | Reached skill level 1 in Armour
   327 | D        | Gained mutation: You have a moderately thin skeletal
                  | structure. (Dex +4, Stealth++) [demonic ancestry]
   327 | D        | Reached XP level 5. HP: 42/42 MP: 5/5
   594 | D        | Noticed a shadow
   600 | D        | Slain by a shadow

Illustrated notes

Levels and vault maps discovered:
D:        dungeon_sprint_mu [sprint_mu_entry_cave, sprint_mu_temple_rooms,
          sprint_mu_d1_horrors, sprint_mu_d2_genie, sprint_mu_d3_branching,
          sprint_mu_orc_legion, sprint_mu_elf_gauntlet, sprint_mu_hive_nellie,
          sprint_mu_lair_fedhas, sprint_mu_vaults_butterflies,
          sprint_mu_slime_circle, sprint_mu_swamp_cave, sprint_mu_snake_twists,
          sprint_mu_blade_basic, sprint_mu_crypt_lich, sprint_mu_tomb_spiral,
          sprint_mu_vestibule_basic, sprint_mu_gehenna_hellfire,
          sprint_mu_dis_giant, sprint_mu_tartarus_statrot,
          sprint_mu_cocytus_islands, sprint_mu_zot1]

Skill      XL: |  1  2  3  4 |
---------------+-------------+-----
Polearms       | 4 6 7 |  7.5
Dodging        | 4 5 6 |  6.8
Throwing       | 2 |  2.6
Fighting       | 3 |  3.9
Stealth        | 1 |  1.8
Armour         | 1 |  1.5

Action                   |  1- 3 |  4- 6 || total
-------------------------+-------+-------++-------
Melee: Trident           |    24 |     8 ||    32
       Touch             |     1 |     3 ||     4
       Punch             |     1 |       ||     1
Throw: Throwing net      |     3 |       ||     3
       Javelin           |     1 |       ||     1
  Use: Potion            |       |     2 ||     2
 Stab: Held in net/web   |     1 |       ||     1
       Sleeping          |     1 |       ||     1
Armor: Leather armour    |     1 |       ||     1
Dodge: Dodged            |     7 |     1 ||     8

Table legend: (Time is in decaauts)
 A = Elapsed time spent in this place.
 B = Non-inter-level travel time spent in this place.
 C = Inter-level travel time spent in this place.
 D = Time resting spent in this place.
 E = Time spent auto-exploring this place.
 F = Levels seen in this place.
 G = Mean time per level.
                   A        B        C        D        E       F      G
               +--------+--------+--------+--------+--------+-----+--------+
         Total |    615 |    615 |      0 |    470 |     29 |   1 |  615.0 |
       Dungeon |    615 |    615 |      0 |    470 |     29 |   1 |  615.0 |
               +--------+--------+--------+--------+--------+-----+--------+

Top non-repeatable levels by time:
       D: 615 daAuts
